 Dungeon Crawl Stone Soup version bcrawl-1.39.1 (webtiles) character file.

Game seed: 5800387696383430722

262581 Finalfun the Awoken (level 10, -7/78 HPs)
             Began as a Demigod Earth Elementalist on Sept 21, 2023.
             Mangled by a hornet (11 damage)
             ... on level 7 of the Dungeon.
             The game lasted 00:45:14 (8519 turns).

Finalfun the Awoken (Demigod Earth Elementalist)    Turns: 8519, Time: 00:45:15

Health: -7/78      AC:  9    Str: 12    XL:     10   Next: 0%
Magic:  1/21       EV: 10    Int: 30    God:    Demigod [***...]
Gold:   396        SH:  0    Dex: 12    Spells: 8/19 levels left

rFire    . . .     GDR:     24% a - +0 dagger (venom)
rCold    + + +     SeeInvis .   (no shield)
rNeg     + . .     Gourm    +   H - +0 ring mail of the World {rC+++ rN+ Dex-5 Stlth+}
rPois    .         Faith    .   d - +1 hat
rElec    .         Spirit   .   n - +2 cloak
rCorr    .         Reflect  .   (no gloves)
MR       +....                  (no boots)
Stlth    ++........             w - amulet of the gourmand
HPRegen  0.23/turn              A - ring of protection from cold
MPRegen  0.17/turn              j - +5 ring of intelligence

@: lethally poisoned (-7 -> -21), very slightly contaminated, slowed, very slow
A: high mp 1
a: Temporal Distortion, Growth, Major Destruction


You were on level 7 of the Dungeon.
You worshipped Demigod.
Demigod was most pleased with you.
You were hungry.

You visited 1 branch of the dungeon, and saw 8 of its levels.

You collected 545 gold pieces.
You spent 149 gold pieces at shops.

Inventory:

Hand Weapons
 a - a +0 dagger of venom (weapon)
 b - a +0 hunting sling
 K - a +1 rapier of electrocution
Missiles
 f - 1149 arrows
 g - 1054 stones (quivered)
 h - 1120 sling bullets
 l - 134 poisoned needles
Armour
 d - a +1 hat (worn)
 n - a +2 cloak (worn)
 H - the +0 ring mail of the World (worn) {rC+++ rN+ Dex-5 Stlth+}
   (You found it on level 6 of the Dungeon)

   It affects your dexterity (-5).
   It renders you almost immune to cold.
   It protects you from negative energy.
   It makes you more stealthy.
Jewellery
 j - a +5 ring of intelligence (right hand)
 w - an amulet of the gourmand (around neck)
 x - the ring "Zaupeu" {Fire Slay+3}
   (You found it on level 3 of the Dungeon)

   [ring of fire]

   It enhances your fire magic.
   It affects your accuracy and damage with ranged weapons and melee attacks
   (+3).
   It protects you from fire.
   It makes you vulnerable to cold.
 A - a ring of protection from cold (left hand)
Wands
 t - a wand of random effects (7)
 B - a wand of charming (8)
 D - a wand of digging (5)
 F - a wand of flame (13)
 G - a wand of acid (5)
Scrolls
 i - a scroll of identify
 k - a scroll of fog
 q - 5 scrolls of remove curse
 r - 2 scrolls of enchant weapon
 u - 2 scrolls of revelation
 y - a scroll of amnesia
 C - 2 scrolls of blinking
 E - a scroll of immolation
 J - 2 scrolls of teleportation
Potions
 m - 3 potions of brilliance
 o - 3 potions of mutation
 s - 2 potions of flight
 z - a potion of might
Comestibles
 e - 9 rations {!d}


   Skills:
 - Level 4.0 Fighting
 - Level 2.0 Dodging
 - Level 2.0 Stealth
 - Level 0.8 Unarmed Combat
 - Level 5.0 Spellcasting
 - Level 3.0 Conjurations
 - Level 5.0 Hexes
 + Level 5.7 Transmutations
 + Level 5.7 Earth Magic
 - Level 8.0 Invocations


You had 8 spell levels left.
You knew the following spells:

 Your Spells              Type           Power        Failure   Level  Hunger
a - Sandblast             Erth           #####.       1%          1    None
b - Stone Arrow           Conj/Erth      ####..       7%          3    ###....
c - Tukima's Dance        Hex            #####...     4%          3    ###....
d - Petrify               Tmut/Erth      #####.....   12%         4    #####..

Your spell library contained the following spells:

 Spells                   Type           Power        Failure   Level  Hunger
 Slow                     Hex            #####...     1%          1    None
 Passwall                 Tmut/Erth      #####...     1%          2    None
 Confuse                  Hex            #####...     4%          3    ###....
 Ensorcelled Hibernation  Hex/Ice        ###...       7%          2    None
 Dazzling Orbs            Conj/Hex       ####...      8%          3    ###....
 Cause Fear               Hex            #####.....   17%         4    #####..
 Lee's Rapid Deconstruct  Erth           #####.....   34%         5    ######.


Dungeon Overview and Level Annotations

Branches:
Dungeon (8/12)             Temple (0/1) D:6
   Lair: D:7-9          Orc: D:8-11

Shops:
D:4 **::=   D:7 *

Annotations:
D:4 1 runed door
D:6 Dowan, Duvessa


Innate Abilities, Weirdness & Mutations

You have an increased reservoir of magic. (+10% MP)


Message History

You feel sick. The hornet closely misses you. The hornet stings you!
* * * LOW HITPOINT WARNING * * *
You feel as though you will be slow longer.
There is a stone staircase leading up, spattered with blood here.
* * * LOW HITPOINT WARNING * * *
You feel sick. The hornet closely misses you. The hornet barely misses you.
A rune on the stairs sparks and fizzles.
You climb upwards.
You feel yourself speed up.
* * * LOW HITPOINT WARNING * * *
You feel very sick.
There is a stone staircase leading down, spattered with blood here.
You hit the hornet but do no damage.
The hornet is poisoned.
The hornet is severely wounded.
You feel sick. The hornet stings you.
* * * LOW HITPOINT WARNING * * *
You are more poisoned.
You feel yourself slow down. The hornet stings you!
You die...
Your divinity fades.

...## ###.#.##.# ≈P##
##.###.# ### ### #.#
#.# ###.########
#...÷......###
#.#.####.....#
###################'###
##'##.##
........##......@#...#
#...#..#
#######.##.#####.y.8.##
##.8.'..#
#...<...####..^.#
#....#..# #######.##
##...###...##.## #..#
#....#....##.# ##.##
##.......###.# #..#
#.>.8.<.# #.#
##.####.......###.#
#..##....#....##.#


You could see a hornet.

Vanquished Creatures
  A two-headed ogre (D:5)
  A hornet (D:7)
  Menkaure (D:5)
  2 steam dragons (D:7)
  Edmund (D:4)
  An orc warrior (D:7)
  3 phantoms
  An ice beast (D:6)
  2 sky beasts
  3 ogres
  A bullfrog (D:6)
  4 centaurs
  2 scorpions
  3 orc priests
  A howler monkey (D:3)
  2 bullfrog zombies
  6 crimson imps
  A bullfrog skeleton (D:4)
  3 hounds
  A jelly (D:7)
  8 worker ants
  5 orc wizards
  2 hound zombies (D:5)
  A hound skeleton (D:4)
  A howler monkey zombie (D:6)
  Robin (D:4)
  2 howler monkey skeletons (D:6)
  9 adders
  2 shadow imps
  An ooze (D:5)
  2 adder skeletons
  2 adder zombies
  2 worms
  A dart slug (D:1)
  3 leopard geckos
  22 orcs
  3 giant cockroaches
  13 goblins
  11 hobgoblins
  7 jackals
  4 quokkas
  7 bats
  2 frilled lizards (D:3)
  7 kobolds
  A quokka skeleton (D:5)
  7 rats
166 creatures vanquished.

Vanquished Creatures (collateral kills)
  An ogre (D:6)
  2 jackals (D:6)
3 creatures vanquished.

Vanquished Creatures (others)
  2 dancing weapons
2 creatures vanquished.

Grand Total: 171 creatures vanquished

Notes
Turn   | Place    | Note
-------+----------+-------------------------------------------
     0 | D:1      | Finalfun the Demigod Earth Elementalist began the quest for
                  | the Orb.
     0 | D:1      | Reached XP level 1. HP: 14/14 MP: 5/5
    94 | D:1      | Found an iron altar of Okawaru.
   420 | D:1      | Reached XP level 2. HP: 20/20 MP: 1/7
   696 | D:1      | Reached skill level 1 in Fighting
  1204 | D:2      | Found a sparkling altar of Nemelex Xobeh.
  1261 | D:2      | Reached XP level 3. HP: 29/29 MP: 8/8
  1285 | D:2      | Reached * piety under Demigod
  1394 | D:2      | Found a sacrificial altar of Ru.
  1561 | D:2      | Found a shimmering blue altar of Sif Muna.
  1607 | D:2      | Found a corrupted altar of Lugonu.
  1974 | D:3      | Found a hide-covered altar of Uskayaw.
  2051 | D:3      | Reached skill level 2 in Invocations
  2051 | D:3      | Reached XP level 4. HP: 20/36 MP: 0/9
  2137 | D:3      | Reached skill level 4 in Invocations
  2200 | D:3      | Reached XP level 5. HP: 23/41 MP: 3/11
  2348 | D:3      | Found a faded altar of an unknown god.
  2350 | D:3      | Found a faded altar of an unknown god.
  2350 | D:3      | Found a faded altar of an unknown god.
  2353 | D:3      | Found a hazy altar of Hepliaklqana.
  2353 | D:3      | Found a faded altar of an unknown god.
  2464 | D:3      | Reached skill level 5 in Invocations
  2564 | D:3      | Got a heavily runed ivory ring
  2611 | D:3      | Reached skill level 6 in Invocations
  2615 | D:3      | Learned a level 3 spell: Stone Arrow
  2626 | D:3      | Identified the ring "Zaupeu" {Fire Slay+3} (You found it on
                  | level 3 of the Dungeon)
  2650 | D:3      | Noticed an ogre
  2700 | D:3      | Killed an ogre
  2701 | D:3      | Reached XP level 6. HP: 22/51 MP: 9/13
  3023 | D:3      | Reached skill level 1 in Conjurations
  3156 | D:4      | Noticed Robin
  3159 | D:4      | Found Ryzur's Assorted Antiques.
  3225 | D:4      | Noticed Edmund
  3288 | D:4      | Bought a scroll labeled ZEIHELIKYR for 21 gold pieces
  3288 | D:4      | Bought a wooden wand for 84 gold pieces
  3337 | D:4      | Killed Robin
  3417 | D:3      | Reached ** piety under Demigod
  3534 | D:4      | Killed Edmund
  3535 | D:4      | Reached XP level 7. HP: 22/57 MP: 2/15
  3593 | D:4      | Found Cuest's Book Boutique.
  3708 | D:4      | Learned a level 3 spell: Tukima's Dance
  3768 | D:4      | Found Alesuroe's Jewellery Boutique.
  3881 | D:4      | Found Xamuecho's General Store.
  4044 | D:4      | Found Panwuuw's Book Emporium.
  4108 | D:4      | Found a runed door.
  4235 | D:5      | Entered Level 5 of the Dungeon
  4262 | D:5      | Reached skill level 1 in Hexes
  4292 | D:5      | Noticed a two-headed ogre
  4481 | D:5      | Reached skill level 7 in Invocations
  4538 | D:5      | Found a shattered altar of Ashenzari.
  4677 | D:5      | Noticed Menkaure
  4690 | D:5      | Killed Menkaure
  4691 | D:5      | Reached XP level 8. HP: 31/66 MP: 0/17
  4835 | D:5      | Reached skill level 8 in Invocations
  4869 | D:5      | Learned a level 4 spell: Petrify
  4900 | D:5      | Reached skill level 1 in Transmutations
  5317 | D:5      | Found a radiant altar of Vehumet.
  5986 | D:5      | Killed a two-headed ogre
  5987 | D:5      | Reached XP level 9. HP: 71/71 MP: 8/18
  6061 | D:6      | Got a crude ring mail
  6077 | D:6      | Identified the cursed +0 ring mail of the World {rC+++ rN+
                  | Dex-5 Stlth+} (You found it on level 6 of the Dungeon)
  6295 | D:6      | Reached *** piety under Demigod
  6402 | D:6      | Found a staircase to the Ecumenical Temple.
  6486 | D:6      | Noticed Duvessa
  6486 | D:6      | Noticed Dowan
  7117 | D:7      | Found Qasaupp's General Store.
  7122 | D:7      | Bought a scroll of identify for 22 gold pieces
  7122 | D:7      | Bought a scroll of identify for 22 gold pieces
  7284 | D:7      | Got a glimmering chain mail
  7329 | D:7      | Reached skill level 5 in Spellcasting
  7329 | D:7      | Reached skill level 5 in Earth Magic
  7458 | D:7      | Found a stormy altar of Qazlal.
  7479 | D:7      | Reached skill level 5 in Hexes
  7479 | D:7      | Reached skill level 5 in Transmutations
  7689 | D:7      | Identified the +10 chain mail of the Lobster {Str+4} (You
                  | found it on level 7 of the Dungeon)
  7862 | D:7      | Found a snail-covered altar of Cheibriados.
  8494 | D:8      | Noticed a troll
  8510 | D:8      | Reached XP level 10. HP: 68/78 MP: 14/21
  8519 | D:7      | Mangled by a hornet

Skill      XL: |  1  2  3  4  5  6  7  8  9 |
---------------+----------------------------+-----
Dodging        | 2 |  2.0
Spellcasting   | 2 4 5 |  5.0
Earth Magic    | 3 4 5 |  5.7
Fighting       | 1 2 3 4 |  4.0
Invocations    | 2 4 6 7 8 |  8.0
Conjurations   | 3 |  3.0
Hexes          | 2 4 5 |  5.0
Transmutations | 4 5 |  5.7
Stealth        | |  2.0
Unarmed Combat | |  0.8

Action                   |  1- 3 |  4- 6 |  7- 9 | 10-12 || total
-------------------------+-------+-------+-------+-------++-------
Melee: Unarmed           |     7 |       |       |       ||     7
       Dagger            |    32 |    10 |   102 |     1 ||   145
       Punch             |     1 |       |       |       ||     1
 Fire: Hunting sling     |    40 |    71 |   120 |       ||   231
Throw: Stone             |    43 |       |     8 |       ||    51
 Cast: Sandblast         |    36 |    39 |     6 |       ||    81
       Stone Arrow       |       |    24 |   126 |     3 ||   153
       Tukima's Dance    |       |       |    12 |       ||    12
Invok: Growth            |       |       |     1 |       ||     1
       Major Destruction |       |       |     2 |       ||     2
       Temporal Distorti |       |       |     1 |       ||     1
  Use: Scroll            |     1 |     3 |    13 |       ||    17
       Potion            |       |       |     4 |       ||     4
 Stab: Sleeping          |       |       |     2 |       ||     2
  Eat: Chunk             |     6 |    11 |    22 |       ||    39
       Ration            |       |     1 |     7 |       ||     8
Armor: Robe              |    16 |    12 |    27 |       ||    55
       Skin              |       |       |     4 |       ||     4
       Ring mail         |       |       |    27 |     2 ||    29
Dodge: Dodged            |    64 |    56 |   112 |     6 ||   238
